 Dungeon Crawl Stone Soup version 0.32-a0-128-g77eb882913 (webtiles) character file.

Game seed: 7211816257336995805

1 jasper the Gusty (level 1, 0/10 HPs)
             Began as a Tengu Air Elementalist on Feb 7, 2024.
             Slain by a goblin
             ... wielding a +0 club
              (4 damage)
             ... on level 1 of the Dungeon.
             The game lasted 00:00:23 (37 turns).

jasper the Gusty (Tengu Air Elementalist)             Turns: 37, Time: 00:00:24

Health: 0/10       AC:  2    Str:  8    XL:     1   Next: 20%
Magic:  4/4        EV: 27    Int: 15    God:
Gold:   0          SH:  0    Dex: 14    Spells: 3/4 levels left

rFire   . . .        (no weapon)
rCold   . . .        (no shield)
rNeg    . . .        a - +0 robe
rPois   .            (helmet restricted)
rElec   .            (no cloak)
rCorr   .            (no gloves)
SInv    .            (boots unavailable)
Will    .....        (no amulet)
Stlth   ++           (no ring)
HPRegen 0.21/turn    (no ring)
MPRegen 0.09/turn

%: acrobat
@: acrobatic, very slightly contaminated
A: beak, talons 3, acrobatic
a: no special abilities


You were on level 1 of the Dungeon.
You visited 1 branch of the dungeon, and saw 1 of its levels.

Inventory:

Armour
 a - a +0 robe (worn)


   Skills:
 - Level 2.1 Dodging
 - Level 2.0 Stealth
 + Level 2.0 Spellcasting
 + Level 1.4 Conjurations
 + Level 4.0 Air Magic


You had 3 spell levels left.
You knew the following spells:

 Your Spells              Type           Power      Damage    Failure   Level
a - Shock                 Conj/Air       36%        1d5       7%          1

Your spell library contained the following spells:

 Spells                   Type           Power      Damage    Failure   Level
 Static Discharge         Conj/Air       18%        3-4/arc   11%         2
 Swiftness                Air            13%        N/A       12%         3
 Airstrike                Air            6%         2d(1-17)  38%         4


Dungeon Overview and Level Annotations

Branches:
Dungeon (1/15)

Altars:


Innate Abilities, Weirdness & Mutations

You have a beak for a mouth.
You have claws for feet.
You can magically evade attacks while moving or waiting.


Message History

Found a spear.
A goblin and an endoplasm come into view.
The goblin shouts!
A rat comes into view.
An endoplasm comes into view.
Aiming: Shock (safe; 8% risk of failure)
Press: ? - help, Q - select action Shift-Dir - straight line, f - goblin
Aim: a goblin, wielding a +0 club (60% to hit)
The zap hits the goblin.
The goblin is moderately wounded.
The rat squeaks loudly.
You now have 3/4 mp.
Aiming: Shock (safe; 8% risk of failure)
Press: ? - help, Q - select action Shift-Dir - straight line, f/p - goblin
Aim: a goblin, wielding a +0 club (moderately wounded, 60% to hit)
You miscast Shock.
You are very lightly contaminated with residual magic.
Nothing appears to happen.
The endoplasm jiggles.
You now have 2/4 mp.
Aiming: Shock (safe; 8% risk of failure)
Press: ? - help, Q - select action Shift-Dir - straight line, f/p - goblin
Aim: a goblin, wielding a +0 club (moderately wounded, 60% to hit)
The zap hits the goblin.
The goblin is severely wounded.
The zap hits the endoplasm.
The endoplasm is severely wounded.
You now have 1/4 mp.
Aiming: Shock (safe; 8% risk of failure)
Press: ? - help, Q - select action Shift-Dir - straight line, f/p - goblin
Aim: a goblin, wielding a +0 club (severely wounded, 60% to hit)
The zap misses the goblin.
The zap hits the endoplasm.
You kill the endoplasm!
The goblin hits you with a +0 club.
A hobgoblin comes into view.
You take 3 damage, and have 7/10 hp.
MASSIVE DAMAGE!!
You now have 0/4 mp.
Magic courses through your body. The goblin hits you with a +0 club.
You take 3 damage, and have 4/10 hp.
MASSIVE DAMAGE!!
MP restored: 4 The goblin hits you with a +0 club.
You die...

####....# ........####
....)......# ####
........##.########...##
.............#.........#
...§§§≈≈...#....≈≈≈≈...#
...§≈§§§≈......≈.≈≈≈≈..##
...§§§§≈≈......≈≈><≈≈...#
..§§§§§≈≈.@....≈≈≈≈≈≈..[..
....≈§§≈rg####..≈≈≈≈......
.........## ##.......>...
........# #...........
........## #...........
#.#..##..####..####......
. #...........# ....(.
......###........ ..##..
#J##...##


You could see a goblin and a rat.

Vanquished Creatures
  An endoplasm (D:1)
1 creature vanquished.

Notes
Turn   | Place    | Note
-------+----------+-------------------------------------------
     0 | D:1      | jasper the Tengu Air Elementalist began the quest for the
                  | Orb.
     0 | D:1      | Reached XP level 1. HP: 10/10 MP: 4/4
    37 | D:1      | Slain by a goblin

Illustrated notes

Levels and vault maps discovered:
D:1:      dpeg_arrival_pits, layout_rooms, minmay_pentomino_o4

Action                     || total
---------------------------++-------
   Cast: Shock             ||     3
    Use: Potion            ||     1
 Armour: Robe              ||     3

Table legend: (Time is in decaauts)
 A = Elapsed time spent in this place.
 B = Non-inter-level travel time spent in this place.
 C = Inter-level travel time spent in this place.
 D = Time resting spent in this place.
 E = Time spent auto-exploring this place.
 F = Levels seen in this place.
 G = Mean time per level.
                   A        B        C        D        E       F      G
               +--------+--------+--------+--------+--------+-----+--------+
         Total |     37 |     37 |      0 |      0 |     24 |   1 |   37.0 |
       Dungeon |     37 |     37 |      0 |      0 |     24 |   1 |   37.0 |
               +--------+--------+--------+--------+--------+-----+--------+

Top non-repeatable levels by time:
     D:1: 37 daAuts
